 Dungeon Crawl Stone Soup version 0.31-a0-331-geda263fcf1 (webtiles) character file.

Game seed: 10143754165917683036

919 mopl the Insei (level 8, 0/54 HPs)
             Began as an Octopode Shapeshifter on July 19, 2023.
             Slain by a gnoll zombie (4 damage)
             ... in an ossuary.
             The game lasted 00:05:22 (3874 turns).

mopl the Insei (Octopode Shapeshifter)              Turns: 3874, Time: 00:05:25

Health: 0/54       AC:  1    Str: 14    XL:     8   Next: 9%
Magic:  17/17      EV: 14    Int: 10    God:
Gold:   182        SH:  0    Dex: 15    Spells: 7/7 levels left

rFire   + +          +
                       - Unarmed
rCold   . . .        (no shield)
rNeg    . . .        (helmet currently unavailable)
rPois   .            (no amulet)
rElec   .            g - ring of protection from fire
rCorr   .            j - ring of magical power
SInv    .            p - ring of protection from fire
Will    .....        t - ring of protection from fire
Stlth   ++           (no ring)
HPRegen 0.29/turn    (no ring)
MPRegen 0.15/turn    (no ring)
                     (no ring)

%: no passive effects
@: beast-form
A: beast (slay +3), almost no armour, amphibious, 8 rings, camouflage 1,
gelatinous body 1, (nimble swimmer 1), tentacles
a: Begin Untransformation


You were in an ossuary.
You were a hulking beast.
You visited 1 branch of the dungeon, and saw 5 of its levels.
You also visited: Ossuary.

You collected 182 gold pieces.

Inventory:

Missiles
 d - 6 poisoned darts (quivered)
Jewellery
 g - a ring of protection from fire (left tentacle)
 j - a ring of magical power (right tentacle)
 p - a ring of protection from fire (on tentacle)
 t - a ring of protection from fire (on tentacle)
Talismans
 b - a beast talisman
Wands
 o - a wand of flame (25)
 w - a wand of polymorph (14)
 x - a wand of digging (5)
Scrolls
 e - 3 scrolls of identify
 i - a scroll of enchant armour {unknown}
 m - a scroll of fog
 q - 2 scrolls of amnesia {unknown}
 r - a scroll of fear {unknown}
 s - 2 scrolls of enchant weapon {unknown}
 u - a scroll of immolation {unknown}
 v - 2 scrolls of teleportation {unknown}
 y - a scroll of blinking {unknown}
Potions
 c - 6 potions of curing
 f - a potion of resistance
 h - a potion of mutation {!q}
 k - a potion of enlightenment
 l - 2 potions of might {unknown}
 n - a potion of haste {unknown}


   Skills:
 + Level 3.9 Fighting
 + Level 1.2 Throwing
 + Level 3.9 Dodging
 * Level 5.3 Unarmed Combat
 + Level 1.3 Evocations
 * Level 5.1 Shapeshifting


You had 7 spell levels left.
You didn't know any spells.
Your spell library contained the following spells:

 Spells                   Type           Power      Damage    Failure   Level
 Sting                    Tmut/Pois      0%         1d3       36%         1
 Poisonous Vapours        Pois/Air       0%         N/A       50%         2
 Olgreb's Toxic Radiance  Pois           0%         N/A       98%         4


Dungeon Overview and Level Annotations

Branches:
Dungeon (5/15)            Ossuary (1/1)
 Temple: D:4-7

Altars:
Ru


Innate Abilities, Weirdness & Mutations

You are a hulking beast.
Your limbs bulge with bestial killing power. (Slay +3)
You cannot wear most types of armour.
You are amphibious.
You can wear up to eight rings at the same time.
Your skin changes colour to match your surroundings (Stealth+).
Your rubbery body absorbs attacks. (AC +1, EV +1)
((You are camouflaged when in or above water. (Stealth+)))
You have tentacles for arms and can constrict up to eight enemies at once.


Message History

The kobold zombie misses you. The gnoll zombie misses you.
The jackal zombie bites you.
You bludgeon the elf zombie! Your grab misses the elf zombie.
The elf zombie is lightly damaged.
You constrict the hound zombie. The hound zombie barely misses you. x2
The elf zombie hits you! The jackal zombie barely misses you.
The kobold zombie barely misses you. The gnoll zombie closely misses you.
The elf zombie hits you. The elf zombie barely misses you.
The hound zombie bites you.
You bludgeon the elf zombie! Your grab misses the elf zombie.
The elf zombie is moderately damaged.
You constrict the hound zombie. The hound zombie barely misses you.
The jackal zombie barely misses you. The hound zombie bites you.
The elf zombie hits you. The hound zombie bites you.
Unknown command.
You bludgeon the elf zombie! Your grab misses the elf zombie.
The elf zombie is moderately damaged.
You constrict the hound zombie. The gnoll zombie misses you.
The elf zombie hits you.
* * * LOW HITPOINT WARNING * * *
The elf zombie closely misses you. The kobold zombie closely misses you.
The jackal zombie barely misses you. The hound zombie completely misses you.
The hound zombie misses you.
It was a potion of curing.
You feel better.
You constrict the hound zombie.
You destroy the hound zombie!
The elf zombie hits you but does no damage.
The jackal zombie closely misses you. The hound zombie bites you.
The gnoll zombie barely misses you. The kobold zombie hits you.
The elf zombie hits you.
* * * LOW HITPOINT WARNING * * *
The elf zombie hits you.
* * * LOW HITPOINT WARNING * * *
Unknown command.
As you read the scroll labelled IKEILI BYNE, it dissolves into smoke.
It was a scroll of fog.
The hound zombie bites you.
* * * LOW HITPOINT WARNING * * *
The jackal zombie barely misses you. The elf zombie hits you.
* * * LOW HITPOINT WARNING * * *
The gnoll zombie hits you.
You die...

...............
...............
...............
...............
...............
.....§§§Z§.....
.....§Z§Z......
.....ZZhZZ.....
......ZZZ......
.......Z.......
...............
...............
...............
...............
...............


You could see an adder zombie, a rat zombie, a jackal zombie, a hound zombie, a
goblin zombie, 2 gnoll zombies, a kobold zombie and 3 elf zombies.

Vanquished Creatures
  A troll (D:5)
  Eustachio (D:3)
  A centaur (D:5)
  A bullfrog (D:4)
  2 hounds
  Jessica (D:3)
  An iguana (D:4)
  Natasha (thrice) (D:2)
  An orc wizard (D:3)
  A hound zombie (Ossuary)
  8 gnolls
  5 adders
  2 worms
  2 dart slugs
  5 orcs
  9 endoplasms
  4 giant cockroaches
  5 goblins
  4 hobgoblins
  2 jackals (D:5)
  6 quokkas
  6 ball pythons
  10 bats
  4 frilled lizards
  8 kobolds
  3 rats
96 creatures vanquished.

Notes
Turn   | Place    | Note
-------+----------+-------------------------------------------
     0 | D:1      | mopl the Octopode Shapeshifter began the quest for the Orb.
     0 | D:1      | Reached XP level 1. HP: 14/14 MP: 1/1
   100 | D:1      | Reached XP level 2. HP: 19/19 MP: 2/2
   353 | D:1      | Reached XP level 3. HP: 24/24 MP: 3/3
  1042 | D:2      | Noticed Natasha
  1049 | D:2      | Killed Natasha
  1050 | D:2      | Reached skill level 3 in Unarmed Combat
  1050 | D:2      | Reached XP level 4. HP: 18/30 MP: 4/4
  1208 | D:2      | Noticed Natasha
  1217 | D:2      | Killed Natasha
  1499 | D:2      | Noticed Natasha
  1505 | D:2      | Killed Natasha
  1506 | D:2      | Reached XP level 5. HP: 27/35 MP: 5/5
  2047 | D:3      | Noticed Jessica
  2052 | D:3      | Killed Jessica
  2079 | D:3      | Reached skill level 4 in Shapeshifting
  2197 | D:3      | Reached skill level 3 in Fighting
  2290 | D:3      | Reached XP level 6. HP: 27/42 MP: 6/6
  2315 | D:3      | Reached skill level 3 in Dodging
  2582 | D:3      | Reached skill level 4 in Unarmed Combat
  3201 | D:4      | Found a sacrificial altar of Ru.
  3342 | D:4      | Noticed Eustachio
  3547 | D:3      | Killed Eustachio
  3548 | D:3      | Reached XP level 7. HP: 36/46 MP: 7/7
  3654 | D:5      | Entered Level 5 of the Dungeon
  3770 | D:5      | Noticed a troll
  3786 | D:5      | Reached skill level 5 in Unarmed Combat
  3795 | D:5      | Killed a troll
  3796 | D:5      | Reached skill level 1 in Throwing
  3796 | D:5      | Reached skill level 1 in Evocations
  3796 | D:5      | Reached skill level 5 in Shapeshifting
  3796 | D:5      | Reached XP level 8. HP: 43/54 MP: 8/8
  3845 | D:5      | Found a sand-covered staircase.
  3862 | Ossuary  | Entered an ossuary
  3874 | Ossuary  | Slain by a gnoll zombie

Illustrated notes

Levels and vault maps discovered:
D:1:      dpeg_arrival_rooms_b, layout_basic
D:2:      layout_loops_cross, chequers_serial_rivers_micro_a, uniq_natasha
D:3:      layout_basic, serial_bayou, serial_bayou_lagoon_a,
          serial_bayou_lagoon_b, serial_bayou_pond_e, serial_bayou_ford_a,
          minmay_starry_boxes, uniq_jessica
D:4:      layout_basic, kennysheep_little_box, uniq_eustachio
D:5:      layout_loops_corners, nicolae_hepliaklqana_hippocampus,
          nicolae_ossuary_entry_monument, nicolae_kite_square_tiling_tiny,
          kennysheep_big_empty_room, minmay_small_thing
Ossuary:  ossuary_minmay_tomb_2a

Skill      XL: |  1  2  3  4  5  6  7 |
---------------+----------------------+-----
Unarmed Combat | 3 4 5 |  5.3
Shapeshifting  | 4 5 |  5.1
Fighting       | 3 |  3.9
Dodging        | 3 |  3.9
Throwing       | 1 |  1.2
Evocations     | 1 |  1.3

Action                     |  1- 3 |  4- 6 |  7- 9 || total
---------------------------+-------+-------+-------++-------
  Melee: Unarmed           |    61 |   114 |    36 ||   211
         Constrict         |    17 |    32 |     6 ||    55
         Tentacles         |    13 |    33 |     3 ||    49
         Punch             |     2 |     4 |     3 ||     9
    Use: Scroll            |       |       |     4 ||     4
         Potion            |       |       |     2 ||     2
   Stab: Sleeping          |     3 |    11 |       ||    14
         Distracted        |       |     1 |       ||     1
 Armour: Skin              |     4 |     5 |    33 ||    42
  Dodge: Dodged            |    31 |    57 |    43 ||   131

Table legend: (Time is in decaauts)
 A = Elapsed time spent in this place.
 B = Non-inter-level travel time spent in this place.
 C = Inter-level travel time spent in this place.
 D = Time resting spent in this place.
 E = Time spent auto-exploring this place.
 F = Levels seen in this place.
 G = Mean time per level.
                   A        B        C        D        E       F      G
               +--------+--------+--------+--------+--------+-----+--------+
         Total |   3857 |   3678 |    179 |    398 |   2461 |   6 |  642.8 |
       Dungeon |   3846 |   3667 |    179 |    398 |   2461 |   5 |  769.2 |
       Ossuary |     11 |     11 |      0 |      0 |      0 |   1 |   11.0 |
               +--------+--------+--------+--------+--------+-----+--------+

Top non-repeatable levels by time:
     D:2: 1457 daAuts
     D:1: 741 daAuts
     D:4: 725 daAuts
     D:3: 717 daAuts
     D:5: 204 daAuts
 Ossuary: 11 daAuts
